 Dungeon Crawl Stone Soup version 0.24.1-4-ge52af88ad5 (webtiles) character file.

Game seed: 11239690359699499633, levelgen mode: deterministic

14 MajorAdolf the Charmwright (level 2, 0/26 HPs)
             Began as a Naga Wanderer on Apr 18, 2020.
             Slain by a hobgoblin (3 damage)
             ... on level 1 of the Dungeon.
             The game lasted 00:01:43 (513 turns).

MajorAdolf the Charmwright (Naga Wanderer)           Turns: 513, Time: 00:01:43

Health: 0/26       AC:  1    Str: 14    XL:     2   Next: 41%
Magic:  5/5        EV:  9    Int: 13    God:
Gold:   54         SH:  0    Dex:  9    Spells: 4/5 levels left

rFire    . . .     SeeInvis +   a - +0 dagger
rCold    . . .     Gourm    .   (no shield)
rNeg     . . .     Faith    .   e - +0 robe
rPois    +         Spirit   .   (no helmet)
rElec    .         Reflect  .   (no cloak)
rCorr    .         Harm     .   (no gloves)
MR       .....                  (no barding)
Stlth    +.........             (no amulet)
HPRegen  0.08/turn              (no ring)
MPRegen  0.09/turn              (no ring)

@: very slow
A: large, see invisible, deformed body, poison resistance, slowness 2, slow
metabolism 1, spit poison 1, AC +0
a: Spit Poison


You were on level 1 of the Dungeon.
You were not hungry.

You visited 1 branch of the dungeon, and saw 1 of its levels.

You collected 54 gold pieces.

Inventory:

Hand Weapons
 a - a +0 dagger (weapon)
Missiles
 c - 34 poisoned darts (quivered)
Armour
 e - a +0 robe (worn)
Scrolls
 b - a scroll of amnesia {unknown}
 d - a scroll of blinking {unknown}
Comestibles
 f - a ration


   Skills:
 + Level 1.6 Fighting
 - Level 1.0 Throwing
   Level 1.0 Shields
 - Level 2.0 Spellcasting
 - Level 3.2 Charms
   Level 1.0 Necromancy
   Level 2.0 Fire Magic


You had 4 spell levels left.
You knew the following spells:

 Your Spells              Type           Power        Failure   Level  Hunger
a - Infusion              Chrm           #...         7%          1    ##.....

Your spell library contained the following spells:

 Spells                   Type           Power        Failure   Level  Hunger
 Song of Slaying          Chrm           #.......     11%         2    ###....
 Shroud of Golubria       Chrm/Tloc      #.....       21%         2    ###....
 Regeneration             Chrm/Necr      #.........   32%         3    ####...
 Spectral Weapon          Hex/Chrm       #.......     36%         3    ####...


Dungeon Overview and Level Annotations

Branches:
Dungeon (1/15)

Altars:


Innate Abilities, Weirdness & Mutations

You cannot wear boots.
Your serpentine skin is tough. (AC +0)
You have supernaturally acute eyesight. (SInv)
Armour fits poorly on your strangely shaped body.
Your system is resistant to poisons. (rPois)
You cover ground very slowly.
You have a slow metabolism.
You can spit poison.


Message History

The leopard gecko bites you.
* * * LOW HITPOINT WARNING * * *
You have got your breath back.
There is an open door here.
Press: ? - help, Shift-Dir - straight line, f/p - leopard gecko
Aim: a leopard gecko (clinging)
The splash of poison hits the leopard gecko!
The leopard gecko is poisoned.
You kill the leopard gecko!
You feel slightly more hungry.
You hit the hobgoblin but do no damage. The hobgoblin hits you.
* * * LOW HITPOINT WARNING * * *
You hit the hobgoblin but do no damage. The hobgoblin hits you.
* * * LOW HITPOINT WARNING * * *
You aren't carrying any potions.
You aren't carrying any items that you can evoke.
Unknown command.
You have got your breath back.
The hobgoblin hits you.
You die...

##...## #.##.# # ##.....## #.##.#
# ##.8...8.########.##.####
##.#.....#.##.............
#...8...8...#.#######..###
+...........'.# ##.###
#...8...8...### #....
##.#.....#.## #.### ##.8...8@##
#.# .( ##....g## #.# #. ##...##
#.# #. ##'## ##.## #.# #...#
#.####### ####### ###.g.###
##.......######.......
##.......###.......###.......####
......$...†..#######......###....


You could see a hobgoblin.

Vanquished Creatures
  2 dart slugs (D:1)
  2 leopard geckos (D:1)
  A hobgoblin (D:1)
  2 bats (D:1)
  A rat (D:1)
8 creatures vanquished.

Notes
Turn   | Place    | Note
-------+----------+-------------------------------------------
     0 | D:1      | MajorAdolf the Naga Wanderer began the quest for the Orb.
     0 | D:1      | MajorAdolf set off with the following items: a +0 dagger,
                  | 12 poisoned darts, a +0 robe, a ration; and the following
                  | spell memorised: Infusion; and the following spells
                  | available to memorise: Song of Slaying, Shroud of Golubria,
                  | Regeneration, Spectral Weapon
     0 | D:1      | Reached XP level 1. HP: 15/15 MP: 3/3
   274 | D:1      | Reached skill level 1 in Fighting
   274 | D:1      | Reached XP level 2. HP: 22/25 MP: 5/5
   513 | D:1      | Slain by a hobgoblin

Levels and vault maps discovered:
D:1:      dpeg_arrival_oval, layout_loops_ring, serial_rivers,
          chequers_serial_rivers_room_b, chequers_serial_rivers_large_b,
          chequers_serial_rivers_micro_b, chequers_serial_rivers_marsh,
          chequers_serial_rivers_micro_c, chequers_serial_rivers_room_a,
          dk_noncrumbling_3

Skill      XL: |  1 |
---------------+----+-----
Fighting       | 1 |  1.6
Throwing       | |  1.0
Shields        | |  1.0
Spellcasting   | |  2.0
Charms         | |  3.2
Necromancy     | |  1.0
Fire Magic     | |  2.0

Action                   || total
-------------------------++-------
Melee: Dagger            ||    29
 Abil: Spit Poison       ||     8
Armor: Robe              ||    16
Dodge: Dodged            ||    27
